Stars vs Penguins

Created - 4 mars 2015 at 19:17

Goals
1 2 3 T
Stars 0 1 2 3
Penguins 0 0 0 0
Shots
1 2 3 T
Stars 4 14 9 27
Penguins 10 5 4 19

1st period

No Goal

Penalties :
Peter Forsberg (Pit) for Hooking (Minor) at 4:29, Dustin Penner (Pit) for Slashing (Minor) at 15:16, Brent Sopel (Pit) for Tripping (Minor) at 19:30

2nd period

1. Stars , John Tavares 23 (Patrick Sharp) at 3:03

Penalties :
Alexei Morozov (Dal) for Cross-checking (Minor) at 4:28, Denis Arkhipov (Pit) for Tripping (Minor) at 11:17, Steve Sullivan (Pit) for High sticking (Minor) at 18:54

3rd period

2. Stars , Daniel Cleary 8 (Brendan Bell, Jan Hlavac) at 11:30
3. Stars , Evgeny Artyukhin 12 (Éric Belanger, Pavel Kubina) at 13:49

Penalties :
Matthew Spiller (Dal) for Hooking (Minor) at 3:34, Steve Sullivan (Pit) for Hooking (Minor) at 9:11, Henrik Sedin (Dal) for Close Hand On Puck (Minor) at 15:12, Dennis Seidenberg (Pit) for Hooking (Minor) at 17:32

Goalie Stats

Pascal Leclaire (Dal), 19 saves from 19 shots - (1,000), W, 26-19-4, 60:00 minutes
Brian Elliott (Pit), 24 saves from 27 shots - (0,889), L, 33-18-7, 60:00 minutes

Players Stats for Stars

Player Name              G  A  P  +/- PIM S  H  SB GA TA FO     MP     PP MP  PK MP  
------------------------------------------------------------------------------------
Alexei Morozov           0  0  0   0  2   1  2  0  0  0  0/0    19:33   6:54   0:00 
Brendan Bell             0  1  1   1  0   0  2  1  0  0  0/0    16:10   0:00   3:24 
Bryan Berard             0  0  0   1  0   2  3  2  0  1  0/0    19:10   6:01   1:15 
Daniel Cleary            1  0  1   1  0   3  0  0  0  0  0/0     8:01   0:02   1:31 
Daniel Sedin             0  0  0   0  0   0  1  0  0  1  1/1    20:35   6:52   1:35 
Éric Belanger            0  1  1   1  0   2  3  0  0  0  2/6    12:44   0:05   1:31 
Evgeny Artyukhin         1  0  1   1  0   4  1  2  0  0  0/0    11:00   0:00   0:00 
Filip Novak              0  0  0   2  0   0  0  1  0  0  0/0    14:45   0:36   2:33 
Henrik Sedin             0  0  0   0  2   4  1  0  1  0  8/19   18:54   6:52   0:00 
Jan Hlavac               0  1  1   1  0   2  0  0  0  0  0/0     9:21   0:05   2:51 
John Tavares             1  0  1   1  0   3  0  0  1  0  11/15  19:05   6:54   1:35 
Mark Streit              0  0  0   0  0   0  1  1  1  1  0/0    19:53   7:16   0:00 
Marty Reasoner           0  0  0   1  0   0  0  0  0  0  2/5     9:16   0:02   2:51 
Matthew Spiller          0  0  0   1  2   0  1  2  0  0  0/0    24:48   5:34   2:18 
Patrick Sharp            0  1  1   1  0   1  1  0  1  2  1/1    17:28   6:56   0:00 
Pavel Kubina             0  1  1   1  0   2  2  0  1  2  0/0    25:18   8:19   2:24 
Ryan Malone              0  0  0   1  0   1  0  0  0  0  1/1    11:00   0:00   0:00 
Shane Doan               0  0  0   1  0   2  3  0  0  1  1/1    16:59   6:57   0:00 

Players Stats for Penguins

Player Name              G  A  P  +/- PIM S  H  SB GA TA FO     MP     PP MP  PK MP  
------------------------------------------------------------------------------------
Bobby Ryan               0  0  0   0  0   3  2  0  2  0  0/0    13:30   2:40   0:00 
Brent Sopel              0  0  0  -1  2   1  0  0  1  1  0/0    21:48   2:39   3:47 
Brian McGrattan          0  0  0  -2  0   0  2  1  0  0  1/1    14:32   0:00   2:32 
Brooks Orpik             0  0  0  -1  0   0  2  0  0  1  0/0    26:14   3:18   8:44 
Denis Arkhipov           0  0  0  -2  2   2  1  0  1  0  4/13   13:56   0:10   0:32 
Dennis Seidenberg        0  0  0  -1  2   1  1  0  1  0  0/0    11:20   0:00   1:18 
Dustin Penner            0  0  0   0  2   0  0  1  0  0  0/0    14:50   2:40   1:07 
Jay McKee                0  0  0  -1  0   0  1  0  0  0  0/0    25:20   3:18   8:45 
Luke Schenn              0  0  0   0  0   1  0  0  0  0  0/0     3:38   0:00   0:42 
Nathan Horton            0  0  0   0  0   2  2  0  0  0  0/0    18:16   3:07   4:24 
Paul Ranger              0  0  0  -1  0   0  1  0  0  1  0/0     9:38   0:00   0:00 
Peter Forsberg           0  0  0  -1  2   4  0  1  2  1  13/25  24:50   3:07   6:52 
Raffi Torres             0  0  0   0  0   0  0  0  0  0  0/0     6:00   0:00   0:19 
Ryan Kesler              0  0  0  -1  0   1  2  1  0  0  2/7    21:32   2:40   7:27 
Sean Zimmerman           0  0  0  -1  0   0  1  0  0  0  0/0    22:29   2:39   4:30 
Simon Gagné              0  0  0   0  0   1  1  0  0  1  1/1    18:28   3:17   4:24 
Steve Sullivan           0  0  0  -3  4   3  0  0  1  0  0/0    13:20   0:10   0:00 
Steven Stamkos           0  0  0   0  0   0  1  0  0  0  1/2     6:19   0:00   0:09 

3 Stars

1 - Pascal Leclaire (Dal)
2 - Evgeny Artyukhin (Dal)
3 - John Tavares (Dal)

Power Play

Stars - 0 on 7 Attempt(s) - 0,00%
Penguins - 0 on 3 Attempt(s) - 0,00%

Penalty Kill

Stars - 3 on 3 Attempt(s) - 100,00% - Score 0 goal in Penalty Kill
Penguins - 7 on 7 Attempt(s) - 100,00% - Score 0 goal in Penalty Kill

Team Stat

Stars - Hits : 21 - Faceoff Wins : 27 - Blocked Shots : 9 - Penalty Minutes : 6
Penguins - Hits : 17 - Faceoff Wins : 22 - Blocked Shots : 4 - Penalty Minutes : 14

Official

Referees : Kowal Tom and Walsh Ian
Linesman : Thor Nelson and Derek Nansen

Game Notes

No Game Note

Finance

Level 1 -- Attendance: 6000 (100,00%) -- Ticket Income 474 000 $
Level 2 -- Attendance: 4496 (89,92%) -- Ticket Income 202 320 $
Level 3 -- Attendance: 1768 (88,40%) -- Ticket Income 54 808 $
Level 4 -- Attendance: 3851 (96,28%) -- Ticket Income 61 616 $
Luxury Box -- Attendance: 917 (91,70%) -- Ticket Income 153 139 $
Game was played at the Igloo'
Total Attendance: 17032 (94,62%)
Total Ticket Income: 945 883 $
Other Income: 141 882 $
Total Income: 1 087 765 $

Stars

5 vs 5 Forward 
   Center                   Left Wing                Right Wing               Time % Phy DF OF 
 1 Henrik Sedin             Daniel Sedin             Alexei Morozov           40     1   2  2  
 2 John Tavares             Patrick Sharp            Shane Doan               30     1   2  2  
 3 Éric Belanger            Ryan Malone              Evgeny Artyukhin         20     1   2  2  
 4 Marty Reasoner           Jan Hlavac               Daniel Cleary            10     1   2  2  

5 vs 5 Defense 
   Defense                  Defense                                           Time % Phy DF OF 
 1 Pavel Kubina             Matthew Spiller                                   40     1   2  2  
 2 Brendan Bell             Mark Streit                                       30     1   2  2  
 3 Filip Novak              Bryan Berard                                      20     1   2  2  
 4 Pavel Kubina             Matthew Spiller                                   10     1   2  2  

PowerPlay Forward 
   Center                   Left Wing                Right Wing               Time % Phy DF OF 
 1 John Tavares             Patrick Sharp            Alexei Morozov           50     1   2  2  
 2 Henrik Sedin             Daniel Sedin             Shane Doan               50     1   2  2  

PowerPlay Defense
   Defense                  Defense                                           Time % Phy DF OF 
 1 Pavel Kubina             Mark Streit                                       60     1   2  2  
 2 Matthew Spiller          Bryan Berard                                      40     1   2  2  

Penalty Kill 4 Players Forward 
   Center                   Wing                     Time % Phy DF OF 
 1 Marty Reasoner           Jan Hlavac               60     1   2  2  
 2 Éric Belanger            Daniel Cleary            40     1   2  2  

Penalty Kill 4 Players Defense
   Defense                  Defense                  Time % Phy DF OF 
 1 Brendan Bell             Matthew Spiller          60     1   2  2  
 2 Pavel Kubina             Filip Novak              40     1   2  2  

Penalty Kill - 3 Players Forward 
   Forward                                           Time % Phy DF OF 
 1 Marty Reasoner                                    60     1   2  2  
 2 Éric Belanger                                     40     1   2  2  

Penalty Kill - 3 Players Defense
   Defense                  Defense                  Time % Phy DF OF 
 1 Brendan Bell             Matthew Spiller          60     1   2  2  
 2 Pavel Kubina             Filip Novak              40     1   2  2  

4 vs 4 Forward 
   Center                   Wing                     Time % Phy DF OF 
 1 Henrik Sedin             Daniel Sedin             60     1   2  2  
 2 John Tavares             Shane Doan               40     1   2  2  

4 vs 4 Defense
   Defense                  Defense                  Time % Phy DF OF 
 1 Pavel Kubina             Mark Streit              60     1   2  2  
 2 Matthew Spiller          Filip Novak              40     1   2  2  

Last Minutes Offensive
   Center                   Left Wing                Right Wing               Defense                  Defense                  
   Henrik Sedin             Daniel Sedin             Shane Doan               Pavel Kubina             Mark Streit              

Last Minutes Defensive
   Center                   Left Wing                Right Wing               Defense                  Defense                  
   Marty Reasoner           Jan Hlavac               Daniel Cleary            Brendan Bell             Matthew Spiller          

Goaltenders
Starting : Pascal Leclaire          
Backup : Patrick Lalime           

Extra Forwards
Normal : Daniel Sedin, Patrick Sharp, Shane Doan - PP : John Tavares, Daniel Sedin - PK : Jan Hlavac
Extra Defensemen
Normal : Brendan Bell, Filip Novak, Mark Streit - PP : Pavel Kubina - PK : Matthew Spiller, Brendan Bell
Penalty Shots
Patrick Sharp, Daniel Sedin, John Tavares, Henrik Sedin, Alexei Morozov

Penguins

5 vs 5 Forward 
   Center                   Left Wing                Right Wing               Time % Phy DF OF 
 1 Peter Forsberg           Simon Gagné              Nathan Horton            40     1   2  2  
 2 Ryan Kesler              Dustin Penner            Bobby Ryan               30     1   2  2  
 3 Denis Arkhipov           Steve Sullivan           Brian McGrattan          20     1   2  2  
 4 Steven Stamkos           Raffi Torres             Peter Forsberg           10     1   2  2  

5 vs 5 Defense 
   Defense                  Defense                                           Time % Phy DF OF 
 1 Brooks Orpik             Jay McKee                                         40     1   2  2  
 2 Brent Sopel              Sean Zimmerman                                    30     1   2  2  
 3 Paul Ranger              Dennis Seidenberg                                 20     1   2  2  
 4 Luke Schenn              Brooks Orpik                                      10     1   2  2  

PowerPlay Forward 
   Center                   Left Wing                Right Wing               Time % Phy DF OF 
 1 Peter Forsberg           Simon Gagné              Nathan Horton            60     1   2  2  
 2 Ryan Kesler              Dustin Penner            Bobby Ryan               40     1   2  2  

PowerPlay Defense
   Defense                  Defense                                           Time % Phy DF OF 
 1 Brooks Orpik             Jay McKee                                         60     1   2  2  
 2 Brent Sopel              Sean Zimmerman                                    40     1   2  2  

Penalty Kill 4 Players Forward 
   Center                   Wing                     Time % Phy DF OF 
 1 Peter Forsberg           Ryan Kesler              60     1   2  2  
 2 Simon Gagné              Nathan Horton            40     1   2  2  

Penalty Kill 4 Players Defense
   Defense                  Defense                  Time % Phy DF OF 
 1 Brooks Orpik             Jay McKee                60     1   2  2  
 2 Brent Sopel              Sean Zimmerman           40     1   2  2  

Penalty Kill - 3 Players Forward 
   Forward                                           Time % Phy DF OF 
 1 Peter Forsberg                                    60     1   2  2  
 2 Ryan Kesler                                       40     1   2  2  

Penalty Kill - 3 Players Defense
   Defense                  Defense                  Time % Phy DF OF 
 1 Brooks Orpik             Jay McKee                60     1   2  2  
 2 Brent Sopel              Sean Zimmerman           40     1   2  2  

4 vs 4 Forward 
   Center                   Wing                     Time % Phy DF OF 
 1 Peter Forsberg           Ryan Kesler              60     1   2  2  
 2 Simon Gagné              Nathan Horton            40     1   2  2  

4 vs 4 Defense
   Defense                  Defense                  Time % Phy DF OF 
 1 Brooks Orpik             Jay McKee                60     1   2  2  
 2 Brent Sopel              Sean Zimmerman           40     1   2  2  

Last Minutes Offensive
   Center                   Left Wing                Right Wing               Defense                  Defense                  
   Peter Forsberg           Simon Gagné              Nathan Horton            Brooks Orpik             Jay McKee                

Last Minutes Defensive
   Center                   Left Wing                Right Wing               Defense                  Defense                  
   Peter Forsberg           Simon Gagné              Nathan Horton            Brooks Orpik             Jay McKee                

Goaltenders
Starting : Brian Elliott            
Backup : Josh Tordjman            

Extra Forwards
Normal : Steve Sullivan, Denis Arkhipov, Brian McGrattan - PP : Steve Sullivan, Denis Arkhipov - PK : Brian McGrattan
Extra Defensemen
Normal : Paul Ranger, Dennis Seidenberg, Luke Schenn - PP : Paul Ranger - PK : Dennis Seidenberg, Luke Schenn
Penalty Shots
Peter Forsberg, Ryan Kesler, Simon Gagné, Nathan Horton, Dustin Penner

% Time on Ice - Stars

Lines # - Real PCT - Wanted PCT - Time Play
Normal Forward
1 - 32% - 40% - 12:41
2 - 25% - 30% - 10:07
3 - 27% - 20% - 11:00
4 - 16% - 10% - 6:22
Normal Defense
1 - 37% - 40% - 15:03
2 - 37% - 30% - 14:43
3 - 24% - 20% - 9:30
4 - 2% - 10% - 0:54
PP Forward
1 - 50% - 50% - 6:56
2 - 50% - 50% - 6:57
PP Defense
1 - 60% - 60% - 8:19
2 - 40% - 40% - 5:34
PK Forward
1 - 75% - 60% - 4:26
2 - 25% - 40% - 1:31
PK Defense
1 - 60% - 60% - 3:33
2 - 40% - 40% - 2:24
PK3 Forward
1 - 0% - 60%
2 - 0% - 40%
PK3 Defense
1 - 0% - 60%
2 - 0% - 40%
44 Forward
1 - 0% - 60%
2 - 0% - 40%
44 Defense
1 - 0% - 60%
2 - 0% - 40%
Last Minute Offensive  - 0:00
Last Minute Defensive  - 0:00
Total
Forward - 60:00
Defense - 60:00

% Time on Ice - Penguins

Lines # - Real PCT - Wanted PCT - Time Play
Normal Forward
1 - 31% - 40% - 12:35
2 - 26% - 30% - 10:17
3 - 29% - 20% - 11:37
4 - 14% - 10% - 5:41
Normal Defense
1 - 35% - 40% - 13:56
2 - 38% - 30% - 15:20
3 - 24% - 20% - 9:38
4 - 3% - 10% - 1:16
PP Forward
1 - 55% - 60% - 3:17
2 - 45% - 40% - 2:40
PP Defense
1 - 55% - 60% - 3:18
2 - 45% - 40% - 2:39
PK Forward
1 - 68% - 60% - 9:29
2 - 32% - 40% - 4:24
PK Defense
1 - 65% - 60% - 9:03
2 - 35% - 40% - 4:50
PK3 Forward
1 - 0% - 60%
2 - 0% - 40%
PK3 Defense
1 - 0% - 60%
2 - 0% - 40%
44 Forward
1 - 0% - 60%
2 - 0% - 40%
44 Defense
1 - 0% - 60%
2 - 0% - 40%
Last Minute Offensive  - 0:00
Last Minute Defensive  - 0:00
Total
Forward - 60:00
Defense - 60:00

Play by Play

1st period


0:01 of 1st period - Henrik Sedin wins face-off versus Peter Forsberg in neutral zone.
0:26 of 1st period - Matthew Spiller is hit by Ryan Kesler and loses puck.
0:51 of 1st period - Wrist shot by Jan Hlavac.
0:51 of 1st period - Shot Blocked by Dustin Penner.
1:13 of 1st period - Wrist shot by Ryan Kesler.
1:13 of 1st period - Stopped by Pascal Leclaire without a rebound.
1:14 of 1st period - Ryan Malone wins face-off versus Denis Arkhipov in Stars zone.
1:19 of 1st period - Snap shot by Steve Sullivan.
1:19 of 1st period - Shot Misses the Net.
1:23 of 1st period - Snap shot by Steve Sullivan.
1:23 of 1st period - Stopped by Pascal Leclaire without a rebound.
1:24 of 1st period - Denis Arkhipov wins face-off versus Éric Belanger in Stars zone.
1:29 of 1st period - Snap shot by Denis Arkhipov.
1:29 of 1st period - Shot Misses the Net.
1:31 of 1st period - Snap shot by Dennis Seidenberg.
1:31 of 1st period - Stopped by Pascal Leclaire with a rebound.
1:33 of 1st period - Wrist shot by Steve Sullivan.
1:33 of 1st period - Shot Blocked by Filip Novak.
1:35 of 1st period - Backhand shot by Denis Arkhipov.
1:35 of 1st period - Stopped by Pascal Leclaire without a rebound.
1:36 of 1st period - Peter Forsberg wins face-off versus Henrik Sedin in Stars zone.
2:29 of 1st period - Snap shot by Ryan Kesler.
2:29 of 1st period - Deflect By Bobby Ryan.
2:29 of 1st period - Stopped by Pascal Leclaire without a rebound.
2:30 of 1st period - Éric Belanger wins face-off versus Steven Stamkos in Stars zone.
2:35 of 1st period - Wrist shot by Mark Streit.
2:35 of 1st period - Shot Misses the Net.
2:41 of 1st period - Wrist shot by Éric Belanger.
2:41 of 1st period - Stopped by Brian Elliott with a rebound.
2:49 of 1st period - Peter Forsberg is hit by Brendan Bell and loses puck.
4:00 of 1st period - Snap shot by Peter Forsberg.
4:00 of 1st period - Stopped by Pascal Leclaire with a rebound.
4:29 of 1st period - Minor Penalty to Peter Forsberg for Hooking.
4:30 of 1st period - Simon Gagné wins face-off versus John Tavares in Penguins zone.
4:56 of 1st period - Shane Doan is hit by Brooks Orpik and loses puck.
5:40 of 1st period - Filip Novak is hit by Brian McGrattan and loses puck.
6:29 of 1st period - Penalty to Peter Forsberg is over, Peter Forsberg is back on ice.
6:33 of 1st period - Brian McGrattan is hit by Matthew Spiller and loses puck.
6:44 of 1st period - Slapshot by Pavel Kubina.
6:44 of 1st period - Shot Blocked by Peter Forsberg.
7:00 of 1st period - Wrist shot by Bobby Ryan.
7:00 of 1st period - Stopped by Pascal Leclaire with a rebound.
7:02 of 1st period - Wrist shot by Bobby Ryan.
7:02 of 1st period - Shot Misses the Net.
7:04 of 1st period - Slapshot by Luke Schenn.
7:04 of 1st period - Stopped by Pascal Leclaire with a rebound.
9:02 of 1st period - Filip Novak is hit by Simon Gagné and loses puck.
9:32 of 1st period - Jay McKee is hit by Evgeny Artyukhin.
12:30 of 1st period - Sean Zimmerman is hit by Pavel Kubina.
13:28 of 1st period - Icing by Nathan Horton.
13:29 of 1st period - Marty Reasoner wins face-off versus Denis Arkhipov in Penguins zone.
14:03 of 1st period - Snap shot by Alexei Morozov.
14:03 of 1st period - Shot Misses the Net.
14:11 of 1st period - Bryan Berard is hit by Jay McKee.
14:23 of 1st period - Brian McGrattan is hit by Éric Belanger and loses puck.
14:38 of 1st period - Wrist shot by Éric Belanger.
14:38 of 1st period - Stopped by Brian Elliott without a rebound.
14:39 of 1st period - John Tavares wins face-off versus Peter Forsberg in Penguins zone.
15:16 of 1st period - Minor Penalty to Dustin Penner for Slashing.
15:17 of 1st period - Shane Doan wins face-off versus Peter Forsberg in Penguins zone.
16:02 of 1st period - Daniel Sedin is hit by Ryan Kesler and loses puck.
17:16 of 1st period - Penalty to Dustin Penner is over, Dustin Penner is back on ice.
17:23 of 1st period - Wrist shot by Denis Arkhipov.
17:23 of 1st period - Stopped by Pascal Leclaire with a rebound.
17:25 of 1st period - Snap shot by Steve Sullivan.
17:25 of 1st period - Shot Misses the Net.
17:27 of 1st period - Slapshot by Sean Zimmerman.
17:27 of 1st period - Shot Blocked by Evgeny Artyukhin.
18:10 of 1st period - Slapshot by Bryan Berard.
18:10 of 1st period - Deflect By Ryan Malone.
18:10 of 1st period - Shot Misses the Net.
18:10 of 1st period - Puck is out of play.
18:11 of 1st period - Éric Belanger wins face-off versus Denis Arkhipov in Penguins zone.
18:14 of 1st period - Wrist shot by Evgeny Artyukhin.
18:14 of 1st period - Stopped by Brian Elliott without a rebound.
18:15 of 1st period - Brian McGrattan wins face-off versus Henrik Sedin in Penguins zone.
18:15 of 1st period - Brian McGrattan is hit by Alexei Morozov.
18:29 of 1st period - Backhand shot by Henrik Sedin.
18:29 of 1st period - Stopped by Brian Elliott with a rebound.
18:31 of 1st period - Snap shot by Daniel Sedin.
18:31 of 1st period - Shot Misses the Net.
18:49 of 1st period - Wrist shot by Peter Forsberg.
18:49 of 1st period - Shot Blocked by Brendan Bell.
18:51 of 1st period - Snap shot by Peter Forsberg.
18:51 of 1st period - Stopped by Pascal Leclaire with a rebound.
19:21 of 1st period - Henrik Sedin is hit by Denis Arkhipov.
19:30 of 1st period - Minor Penalty to Brent Sopel for Tripping.
19:31 of 1st period - Peter Forsberg wins face-off versus Henrik Sedin in Penguins zone.
Goals for this period are 0 for Stars vs 0 for Penguins.
Shots for this period are 4 for Stars vs 10 for Penguins.

2nd period


0:01 of 2nd period - John Tavares wins face-off versus Peter Forsberg in neutral zone.
0:49 of 2nd period - Peter Forsberg is hit by Bryan Berard and loses puck.
1:30 of 2nd period - Penalty to Brent Sopel is over, Brent Sopel is back on ice.
1:33 of 2nd period - Icing by Ryan Kesler.
1:34 of 2nd period - John Tavares wins face-off versus Peter Forsberg in Penguins zone.
2:07 of 2nd period - Snap shot by Jan Hlavac.
2:07 of 2nd period - Stopped by Brian Elliott with a rebound.
2:09 of 2nd period - Slapshot by Bryan Berard.
2:09 of 2nd period - Stopped by Brian Elliott without a rebound.
2:10 of 2nd period - Henrik Sedin wins face-off versus Ryan Kesler in Penguins zone.
2:36 of 2nd period - Off-side.
2:37 of 2nd period - John Tavares wins face-off versus Denis Arkhipov in neutral zone.
2:37 of 2nd period - John Tavares is hit by Brian McGrattan.
2:58 of 2nd period - Denis Arkhipov is hit by Shane Doan and loses puck.
3:03 of 2nd period - Slapshot by Patrick Sharp.
3:03 of 2nd period - Deflect By John Tavares.
3:03 of 2nd period - Goal by John Tavares - Stars : 1 - Penguins : 0.
3:04 of 2nd period - Peter Forsberg wins face-off versus Henrik Sedin in neutral zone.
3:29 of 2nd period - Icing by Peter Forsberg.
3:30 of 2nd period - John Tavares wins face-off versus Peter Forsberg in Penguins zone.
3:31 of 2nd period - Wrist shot by Patrick Sharp.
3:31 of 2nd period - Shot Misses the Net.
3:33 of 2nd period - Snap shot by Bryan Berard.
3:33 of 2nd period - Stopped by Brian Elliott without a rebound.
3:34 of 2nd period - Patrick Sharp wins face-off versus Ryan Kesler in Penguins zone.
3:35 of 2nd period - Snap shot by Shane Doan.
3:35 of 2nd period - Stopped by Brian Elliott without a rebound.
3:36 of 2nd period - John Tavares wins face-off versus Ryan Kesler in Penguins zone.
3:51 of 2nd period - Slapshot by John Tavares.
3:51 of 2nd period - Stopped by Brian Elliott with a rebound.
4:28 of 2nd period - Minor Penalty to Alexei Morozov for Cross-checking.
4:29 of 2nd period - Peter Forsberg wins face-off versus Marty Reasoner in Stars zone.
4:29 of 2nd period - Wrist shot by Nathan Horton.
4:29 of 2nd period - Stopped by Pascal Leclaire with a rebound.
5:03 of 2nd period - Snap shot by Ryan Kesler.
5:03 of 2nd period - Shot Blocked by Matthew Spiller.
5:05 of 2nd period - Snap shot by Bobby Ryan.
5:05 of 2nd period - Stopped by Pascal Leclaire with a rebound.
6:28 of 2nd period - Penalty to Alexei Morozov is over, Alexei Morozov is back on ice.
6:43 of 2nd period - Snap shot by Evgeny Artyukhin.
6:43 of 2nd period - Stopped by Brian Elliott without a rebound.
6:44 of 2nd period - Steven Stamkos wins face-off versus Henrik Sedin in Penguins zone.
7:00 of 2nd period - Peter Forsberg is hit by Daniel Sedin and loses puck.
7:53 of 2nd period - Snap shot by Jan Hlavac.
7:53 of 2nd period - Stopped by Brian Elliott with a rebound.
8:05 of 2nd period - Snap shot by Dustin Penner.
8:05 of 2nd period - Shot Misses the Net.
8:21 of 2nd period - Brent Sopel is hit by Brendan Bell and loses puck.
8:41 of 2nd period - Off-side.
8:42 of 2nd period - John Tavares wins face-off versus Peter Forsberg in neutral zone.
9:26 of 2nd period - Wrist shot by John Tavares.
9:26 of 2nd period - Stopped by Brian Elliott with a rebound.
9:45 of 2nd period - Matthew Spiller is hit by Dennis Seidenberg.
9:51 of 2nd period - Snap shot by Denis Arkhipov.
9:51 of 2nd period - Shot Blocked by Matthew Spiller.
10:03 of 2nd period - Snap shot by Steve Sullivan.
10:03 of 2nd period - Stopped by Pascal Leclaire without a rebound.
10:04 of 2nd period - Peter Forsberg wins face-off versus Éric Belanger in Stars zone.
10:05 of 2nd period - Snap shot by Simon Gagné.
10:05 of 2nd period - Shot Blocked by Bryan Berard.
10:29 of 2nd period - Shane Doan is hit by Brooks Orpik and loses puck.
10:40 of 2nd period - John Tavares is hit by Bobby Ryan and loses puck.
10:57 of 2nd period - Filip Novak is hit by Steven Stamkos and loses puck.
11:17 of 2nd period - Minor Penalty to Denis Arkhipov for Tripping.
11:18 of 2nd period - Peter Forsberg wins face-off versus John Tavares in Penguins zone.
12:46 of 2nd period - Jay McKee is hit by Pavel Kubina and loses puck.
13:17 of 2nd period - Penalty to Denis Arkhipov is over, Denis Arkhipov is back on ice.
14:00 of 2nd period - Wrist shot by Daniel Cleary.
14:00 of 2nd period - Stopped by Brian Elliott without a rebound.
14:01 of 2nd period - Marty Reasoner wins face-off versus Denis Arkhipov in Penguins zone.
14:13 of 2nd period - Wrist shot by Brent Sopel.
14:13 of 2nd period - Stopped by Pascal Leclaire with a rebound.
14:23 of 2nd period - Snap shot by Peter Forsberg.
14:23 of 2nd period - Shot Misses the Net.
14:25 of 2nd period - Wrist shot by Nathan Horton.
14:25 of 2nd period - Deflect By Simon Gagné.
14:25 of 2nd period - Shot Misses the Net.
14:25 of 2nd period - Puck is out of play.
14:26 of 2nd period - Henrik Sedin wins face-off versus Peter Forsberg in Stars zone.
14:31 of 2nd period - Snap shot by Henrik Sedin.
14:31 of 2nd period - Stopped by Brian Elliott without a rebound.
14:32 of 2nd period - Ryan Kesler wins face-off versus Henrik Sedin in Penguins zone.
14:59 of 2nd period - Snap shot by Peter Forsberg.
14:59 of 2nd period - Stopped by Pascal Leclaire with a rebound.
15:01 of 2nd period - Snap shot by Simon Gagné.
15:01 of 2nd period - Shot Hit the Post.
15:07 of 2nd period - Patrick Sharp is hit by Nathan Horton and loses puck.
15:27 of 2nd period - Slapshot by Pavel Kubina.
15:27 of 2nd period - Stopped by Brian Elliott with a rebound.
15:29 of 2nd period - Slapshot by Shane Doan.
15:29 of 2nd period - Stopped by Brian Elliott without a rebound.
15:30 of 2nd period - Henrik Sedin wins face-off versus Ryan Kesler in Penguins zone.
16:06 of 2nd period - Slapshot by Nathan Horton.
16:06 of 2nd period - Shot Misses the Net.
16:28 of 2nd period - Snap shot by Daniel Cleary.
16:28 of 2nd period - Shot Misses the Net.
16:42 of 2nd period - Wrist shot by Bobby Ryan.
16:42 of 2nd period - Shot Misses the Net.
16:44 of 2nd period - Snap shot by Bobby Ryan.
16:44 of 2nd period - Shot Misses the Net.
18:25 of 2nd period - Paul Ranger is hit by Éric Belanger and loses puck.
18:32 of 2nd period - Snap shot by Ryan Malone.
18:32 of 2nd period - Deflect By Bobby Ryan.
18:32 of 2nd period - Stopped by Brian Elliott without a rebound.
18:33 of 2nd period - Henrik Sedin wins face-off versus Denis Arkhipov in Penguins zone.
18:46 of 2nd period - Snap shot by Alexei Morozov.
18:46 of 2nd period - Shot Misses the Net.
18:54 of 2nd period - Minor Penalty to Steve Sullivan for High sticking.
18:55 of 2nd period - Henrik Sedin wins face-off versus Peter Forsberg in Penguins zone.
Goals for this period are 1 for Stars vs 0 for Penguins.
Shots for this period are 14 for Stars vs 5 for Penguins.

3rd period


0:01 of 3rd period - John Tavares wins face-off versus Peter Forsberg in neutral zone.
0:06 of 3rd period - Wrist shot by Alexei Morozov.
0:06 of 3rd period - Stopped by Brian Elliott with a rebound.
0:30 of 3rd period - Snap shot by Henrik Sedin.
0:30 of 3rd period - Stopped by Brian Elliott with a rebound.
0:54 of 3rd period - Penalty to Steve Sullivan is over, Steve Sullivan is back on ice.
0:57 of 3rd period - Off-side.
0:58 of 3rd period - Denis Arkhipov wins face-off versus Éric Belanger in neutral zone.
1:13 of 3rd period - Wrist shot by Brian McGrattan.
1:13 of 3rd period - Shot Misses the Net.
1:25 of 3rd period - Henrik Sedin is hit by Nathan Horton and loses puck.
1:55 of 3rd period - Wrist shot by Daniel Cleary.
1:55 of 3rd period - Stopped by Brian Elliott without a rebound.
1:56 of 3rd period - Ryan Kesler wins face-off versus John Tavares in Penguins zone.
2:11 of 3rd period - Slapshot by Brooks Orpik.
2:11 of 3rd period - Shot Blocked by Mark Streit.
2:46 of 3rd period - Slapshot by Pavel Kubina.
2:46 of 3rd period - Stopped by Brian Elliott without a rebound.
2:47 of 3rd period - John Tavares wins face-off versus Denis Arkhipov in Penguins zone.
2:48 of 3rd period - Wrist shot by Patrick Sharp.
2:48 of 3rd period - Stopped by Brian Elliott without a rebound.
2:49 of 3rd period - John Tavares wins face-off versus Peter Forsberg in Penguins zone.
3:27 of 3rd period - Ryan Kesler is hit by Henrik Sedin and loses puck.
3:34 of 3rd period - Minor Penalty to Matthew Spiller for Hooking.
3:35 of 3rd period - Peter Forsberg wins face-off versus Marty Reasoner in Stars zone.
3:48 of 3rd period - Backhand shot by Peter Forsberg.
3:48 of 3rd period - Shot Blocked by Bryan Berard.
5:34 of 3rd period - Penalty to Matthew Spiller is over, Matthew Spiller is back on ice.
6:14 of 3rd period - Slapshot by Evgeny Artyukhin.
6:14 of 3rd period - Stopped by Brian Elliott without a rebound.
6:15 of 3rd period - Denis Arkhipov wins face-off versus Éric Belanger in Penguins zone.
7:02 of 3rd period - Shane Doan is hit by Paul Ranger and loses puck.
7:35 of 3rd period - Evgeny Artyukhin is hit by Bobby Ryan and loses puck.
7:40 of 3rd period - Wrist shot by Ryan Kesler.
7:40 of 3rd period - Shot Misses the Net.
7:50 of 3rd period - Wrist shot by Denis Arkhipov.
7:50 of 3rd period - Deflect By Steve Sullivan.
7:50 of 3rd period - Stopped by Pascal Leclaire without a rebound.
7:51 of 3rd period - Daniel Sedin wins face-off versus Denis Arkhipov in Stars zone.
7:58 of 3rd period - Wrist shot by Denis Arkhipov.
7:58 of 3rd period - Shot Misses the Net.
8:18 of 3rd period - Mark Streit is hit by Sean Zimmerman.
8:26 of 3rd period - Jay McKee is hit by Shane Doan and loses puck.
9:06 of 3rd period - Snap shot by Henrik Sedin.
9:06 of 3rd period - Stopped by Brian Elliott without a rebound.
9:07 of 3rd period - Henrik Sedin wins face-off versus Denis Arkhipov in Penguins zone.
9:11 of 3rd period - Minor Penalty to Steve Sullivan for Hooking.
9:12 of 3rd period - Peter Forsberg wins face-off versus Henrik Sedin in Penguins zone.
9:18 of 3rd period - Slapshot by Ryan Kesler.
9:18 of 3rd period - Deflect By Peter Forsberg.
9:18 of 3rd period - Stopped by Pascal Leclaire with a rebound.
10:30 of 3rd period - Brent Sopel is hit by Bryan Berard and loses puck.
11:09 of 3rd period - Jay McKee is hit by Éric Belanger and loses puck.
11:11 of 3rd period - Penalty to Steve Sullivan is over, Steve Sullivan is back on ice.
11:26 of 3rd period - Wrist shot by Daniel Cleary.
11:26 of 3rd period - Shot Misses the Net.
11:28 of 3rd period - Snap shot by Jan Hlavac.
11:28 of 3rd period - Shot Blocked by Ryan Kesler.
11:30 of 3rd period - Slapshot by Brendan Bell.
11:30 of 3rd period - Deflect By Daniel Cleary.
11:30 of 3rd period - Goal by Daniel Cleary - Stars : 2 - Penguins : 0.
11:31 of 3rd period - Denis Arkhipov wins face-off versus Henrik Sedin in neutral zone.
12:06 of 3rd period - Off-side.
12:07 of 3rd period - Henrik Sedin wins face-off versus Ryan Kesler in neutral zone.
12:32 of 3rd period - Jay McKee is hit by Shane Doan and loses puck.
12:47 of 3rd period - Snap shot by Simon Gagné.
12:47 of 3rd period - Shot Misses the Net.
12:49 of 3rd period - Slapshot by Nathan Horton.
12:49 of 3rd period - Shot Blocked by Evgeny Artyukhin.
12:51 of 3rd period - Wrist shot by Peter Forsberg.
12:51 of 3rd period - Shot Misses the Net.
12:53 of 3rd period - Wrist shot by Peter Forsberg.
12:53 of 3rd period - Deflect By Simon Gagné.
12:53 of 3rd period - Stopped by Pascal Leclaire without a rebound.
12:54 of 3rd period - Peter Forsberg wins face-off versus Henrik Sedin in Stars zone.
13:41 of 3rd period - Wrist shot by Evgeny Artyukhin.
13:41 of 3rd period - Shot Blocked by Brian McGrattan.
13:49 of 3rd period - Snap shot by Evgeny Artyukhin.
13:49 of 3rd period - Goal by Evgeny Artyukhin - Stars : 3 - Penguins : 0.
13:50 of 3rd period - Peter Forsberg wins face-off versus Henrik Sedin in neutral zone.
13:58 of 3rd period - Peter Forsberg is hit by Alexei Morozov and loses puck.
14:15 of 3rd period - Ryan Kesler is hit by Bryan Berard and loses puck.
14:59 of 3rd period - Slapshot by Peter Forsberg.
14:59 of 3rd period - Deflect By Simon Gagné.
14:59 of 3rd period - Shot Misses the Net.
14:59 of 3rd period - Puck is out of play.
15:00 of 3rd period - Peter Forsberg wins face-off versus Henrik Sedin in Stars zone.
15:12 of 3rd period - Minor Penalty to Henrik Sedin for Close Hand On Puck.
15:13 of 3rd period - Peter Forsberg wins face-off versus Marty Reasoner in Stars zone.
15:13 of 3rd period - Wrist shot by Nathan Horton.
15:13 of 3rd period - Stopped by Pascal Leclaire with a rebound.
17:12 of 3rd period - Penalty to Henrik Sedin is over, Henrik Sedin is back on ice.
17:32 of 3rd period - Minor Penalty to Dennis Seidenberg for Hooking.
17:33 of 3rd period - Peter Forsberg wins face-off versus John Tavares in Penguins zone.
17:33 of 3rd period - Peter Forsberg is hit by Patrick Sharp.
18:05 of 3rd period - Off-side.
18:06 of 3rd period - John Tavares wins face-off versus Peter Forsberg in neutral zone.
19:32 of 3rd period - Penalty to Dennis Seidenberg is over, Dennis Seidenberg is back on ice.
19:45 of 3rd period - Ryan Kesler is hit by Mark Streit and loses puck.
Goals for this period are 2 for Stars vs 0 for Penguins.
Shots for this period are 9 for Stars vs 4 for Penguins.


Output by the SimonT Hockey Simulator (STHS) for François Prévost -- Original Page W3C XHTML 1.0 Valid
Hockey Simulator - Hockey Simulation - Hockey Manager